 Dungeon Crawl Stone Soup version 0.13-a0-3016-gcb2faac (webtiles) character file.

327 PolkaDot the Vexing (level 5, 0/35 HPs)
             Began as a Vampire Enchanter on Sept 14, 2013.
             Hit by a dart thrown by a kobold (1 damage)
             ... on Level 4 of the Dungeon.
             The game lasted 00:11:47 (3910 turns).

PolkaDot the Vexing (Vampire Enchanter)             Turns: 3910, Time: 00:11:47

HP   0/35        AC  5     Str  7      XL: 5   Next: 30%
MP   8/9         EV 12     Int 18      God:
Gold 150         SH  0     Dex 14      Spells:  2 memorised,  2 levels left

Res.Fire  : . . .   See Invis. : +   a - +1 dagger (curse) {=f}
Res.Cold  : + + .   Warding    : .   b - +1 robe
Life Prot.: + + +   Conserve   : .   (no shield)
Res.Poison: +       Res.Corr.  : .   (no helmet)
Res.Elec. : .       Clarity    : .   (no cloak)
Sust.Abil.: . .     Spirit.Shd : .   (no gloves)
Res.Mut.  : .       Stasis     : .   i - +1 pair of dwarf boots
Res.Rott. : +       Flight     : .   (no amulet)
Saprovore : . . .                    (no ring)
                                     (no ring)

@: non-regenerating, slightly resistant to hostile enchantments, quite stealthy
A: fangs 3, see invisible, unbreathing
a: Bat Form


You were on level 4 of the Dungeon.
You were bloodless.

You visited 1 branch of the dungeon, and saw 4 of its levels.

You collected 130 gold pieces.

Inventory:

Hand weapons
 a - a cursed +1,+1 dagger (weapon) {=f}
Missiles
 d - 12 darts (quivered)
Armour
 b - a +1 robe (worn)
 i - a +1 pair of dwarven boots (worn)
Scrolls
 g - 8 scrolls of identify
 h - 3 scrolls of remove curse
 j - a scroll of magic mapping
 k - a scroll of curse armour {unknown}
 l - a scroll of random uselessness {unknown}
 n - a scroll of enchant armour {unknown}
 o - a scroll of noise {unknown}
 p - 4 scrolls of blinking {unknown}
 q - a scroll of enchant weapon I {unknown}
 r - a scroll of amnesia {unknown}
 s - a scroll of fear {unknown}
Potions
 m - a potion of resistance
Books
 c - a book of Maledictions

   Spells                             Type                      Level
   *Corona                            Hexes                        1
   Sure Blade                         Hexes/Charms                 2
   Ensorcelled Hibernation            Hexes/Ice                    2
   *Confuse                           Hexes                        3
   Enslavement                        Hexes                        4
   Invisibility                       Hexes                        6
 t - a book of Wizardry

   Spells                             Type                      Level
   Summon Elemental                   Summoning                    4
   Agony                              Necromancy                   5
   Force Lance                        Conjuration                  5
   Fireball                           Conjuration/Fire             5
   Haste                              Charms                       6
   Invisibility                       Hexes                        6


   Skills:
 - Level 2.1 Short Blades
 - Level 0.7 Throwing
 - Level 2.1 Dodging
 + Level 5.4 Stealth
 - Level 1.0 Spellcasting
 * Level 7.2 Hexes


You had 2 spell levels left.
You knew the following spells:

 Your Spells              Type           Power        Failure   Level  Hunger
a - Corona                Hex            ####...      1%          1    ##.....
c - Confuse               Hex            ####....     2%          3    ####...


Dungeon Overview and Level Annotations

Branches:
Dungeon (4/27)
 Temple: D:4-7

Altars:
Okawaru


Innate Abilities, Weirdness & Mutations

You do not heal naturally.
You have razor-sharp teeth.*
You have supernaturally acute eyesight.
You can survive without breathing.*


Message History

Your +1,+1 dagger {=f} glows black for a moment.
It was a scroll of curse weapon.
Read which item? (? for menu, Esc to quit)
As you read the scroll labeled DIMUPU NIUPREY, it crumbles to dust.
You feel aware of your surroundings.
It was a scroll of magic mapping.
(D) Dungeon
Where to? (Enter - D:3 @ (x,y), ? - help)
Found a scroll of magic mapping.
Found a dwarven chain mail and 3 scrolls of magic mapping.
Found an elven robe.
Found a scroll of identify.
Found a stone staircase leading down.
A giant cockroach and a kobold come into view.
Casting: Confuse
Confirm with . or Enter, or press ? or * to list all spells.
Aiming: Corona
Press: ? - help, Shift-Dir - straight line, f - kobold
Aim: a kobold, wielding a dagger (resting)
The kobold is outlined in light.
The kobold throws a dart.
The dart hits you!
You die...

..,,,,,,,,,* *,,,* ..[,,,,,,,,*
*,,,* ....,,,
,,.#############***,,,*
.....,,,,................,,,,,*
.........................,,,, *
.........................,,,,,*
.....................?....,,,,
..........................,,,,*
................@.......K.,,,,*
..........................,,,,
.........................s,,,,*
...........................,,,*
........................>..,, *
...........................,,, **
...........###############*,,,,,,
...........# *,, ,, ...........#
*,,,,,,


You could see a kobold.

Vanquished Creatures
  An orc priest (D:3)
  An orc wizard (D:3)
  3 adders
  A gnoll (D:3)
  A giant mite (D:3)
  A giant eyeball (D:4)
  5 giant geckos
  8 orcs
  7 bats
  3 giant cockroaches
  7 hobgoblins
  2 oozes (D:3)
  2 giant newts (D:2)
  8 goblins
  13 kobolds
  A quokka (D:3)
  12 rats
76 creatures vanquished.

Notes
Turn   | Place    | Note
--------------------------------------------------------------
     0 | D:1      | PolkaDot, the Vampire Enchanter, began the quest for the Orb.
     0 | D:1      | Reached XP level 1. HP: 13/13 MP: 4/4
   204 | D:1      | Reached XP level 2. HP: 8/19 MP: 5/5
   843 | D:1      | Reached skill level 5 in Hexes
  1247 | D:2      | Reached XP level 3. HP: 7/24 MP: 6/6
  2436 | D:3      | Reached XP level 4. HP: 30/30 MP: 8/8
  2458 | D:3      | Learned a level 3 spell: Confuse
  2503 | D:3      | Reached skill level 6 in Hexes
  2715 | D:3      | Reached skill level 5 in Stealth
  2967 | D:3      | Reached XP level 5. HP: 23/35 MP: 9/9
  3270 | D:3      | Found an iron altar of Okawaru.
  3295 | D:3      | Reached skill level 7 in Hexes
  3576 | D:4      | Noticed a phantom
  3710 | D:4      | HP: 1/35 [orc/orcish flail (6)]
  3910 | D:4      | Hit by a dart thrown by a kobold

Action                   |  1- 3 |  4- 6 || total
-------------------------+-------+-------++-------
Melee: Dagger            |   183 |   110 ||   293
 Cast: Corona            |     5 |     8 ||    13
       Confuse           |       |    14 ||    14
 Abil: End Transformatio |       |     1 ||     1
       Bat Form          |       |     1 ||     1
  Use: Potion            |     1 |     4 ||     5
       Scroll            |     1 |     3 ||     4
 Stab: Sleeping          |     6 |     7 ||    13
       Distracted        |     1 |       ||     1
       Confused          |       |     5 ||     5
